 Dungeon Crawl Stone Soup version 0.18.1-48-g4cf74bf (webtiles) character file.

13 Neosonic97 the Ruffian (level 2, 0/24 HPs)
             Began as a Draconian Transmuter on Sept 8, 2016.
             Slain by a hobgoblin (2 damage)
             ... on level 1 of the Dungeon.
             The game lasted 00:01:00 (490 turns).

Neosonic97 the Ruffian (Draconian Transmuter)        Turns: 490, Time: 00:01:01

Health: 0/24       AC:  4    Str: 12    XL:     2   Next: 24%
Magic:  4/5        EV: 12    Int: 13    God:
Gold:   10         SH:  0    Dex: 11    Spells: 1 memorised, 4 levels left

rFire  . . .     SeeInvis .       - Unarmed
rCold  . . .     Gourm    .     (armour unavailable)
rNeg   . . .     Faith    .     (no shield)
rPois  .         Spirit   .     (helmet restricted)
rElec  .         Dismiss  .     (no cloak)
rCorr  .         Reflect  .     (no gloves)
SustAt .         Harm     .     (boots currently unavailable)
MR     .....                    (no amulet)
Stlth  +.........               (no ring)
                                (no ring)

@: appendage, very slightly contaminated, not resistant to hostile enchantments,
very unstealthy
A: unfitting armour, talons 3, cold-blooded, AC +4
a: End Transformation


You were on level 1 of the Dungeon.
You were not hungry.
You had grown temporary talons.
You visited 1 branch of the dungeon, and saw 1 of its levels.

You collected 10 gold pieces.

Inventory:

Missiles
 a - 12 arrows
Scrolls
 d - 3 scrolls of identify {unknown}
 e - a scroll of fear {unknown}
 g - a scroll of teleportation {unknown}
 i - a scroll of blinking {unknown}
Books
 b - a book of Changes

   Spells                             Type                      Level
   a - Beastly Appendage              Transmutation                1
   b - Sticks to Snakes               Transmutation                2
   c - Spider Form                    Transmutation/Poison         3
   d - Ice Form                       Ice/Transmutation            4
   e - Blade Hands                    Transmutation                5
Comestibles
 c - a bread ration
 f - 2 chunks of flesh
 h - a royal jelly


   Skills:
 * Level 2.0 Fighting
 + Level 2.2 Dodging
 - Level 3.0 Unarmed Combat
 - Level 2.0 Spellcasting
 - Level 2.0 Transmutations


You had 4 spell levels left.
You knew the following spells:

 Your Spells              Type           Power        Failure   Level  Hunger
a - Beastly Appendage     Trmt           #.....       12%         1    ##.....


Dungeon Overview and Level Annotations

Branches:
Dungeon (1/15)

Altars:
Nemelex Xobeh


Innate Abilities, Weirdness & Mutations

Your plain brown scales are hard (AC +4).
Your body does not fit into most forms of armour.
You are cold-blooded and may be slowed by cold attacks.
You have claws for feet.


Message History

The gnoll is moderately wounded.
The gnoll completely misses you.
You completely miss the gnoll.
The gnoll is moderately wounded.
The gnoll hits you.
Casting: Beastly Appendage
Confirm with . or Enter, or press ? or * to list all spells.
Your feet morph into talons.
The hobgoblin hits you with a club. The hobgoblin closely misses you.
The gnoll hits you.
* * * LOW HITPOINT WARNING * * *
You closely miss the gnoll. You claw the gnoll, but do no damage.
You tail-slap the gnoll, but do no damage.
The gnoll is moderately wounded.
The hobgoblin hits you with a club.
* * * LOW HITPOINT WARNING * * *
The hobgoblin barely misses you. The gnoll closely misses you.
You hit the gnoll.
The gnoll is heavily wounded.
The hobgoblin barely misses you. The hobgoblin hits you.
You die...

.........# ..........
.........# .........# ###
.........# ..# .........#
#.# .......gg# #.#
......g@.### #.#
#######....# #.# #....#
#.##### #....# ......#
#....# #.###.# #....#
..###.# ####....# ......#
###.......#####
..#########...##.........


You could see a gnoll and 2 hobgoblins.

Vanquished Creatures
  2 bats (D:1)
  3 goblins (D:1)
  3 hobgoblins (D:1)
  2 giant newts (D:1)
  2 rats (D:1)
12 creatures vanquished.

Notes
Turn   | Place    | Note
--------------------------------------------------------------
     0 | D:1      | Neosonic97 the Draconian Transmuter began the quest for the Orb.
     0 | D:1      | Reached XP level 1. HP: 16/16 MP: 3/3
   105 | D:1      | Found a sparkling altar of Nemelex Xobeh.
   344 | D:1      | Reached XP level 2. HP: 24/24 MP: 3/5
   489 | D:1      | HP: 1/24 [hobgoblin/club (2)]
   490 | D:1      | Slain by a hobgoblin

Skill      XL: |  1  2 |
---------------+-------+-----
Dodging        | 2 |  2.2
Fighting       | 2 |  2.0
Unarmed Combat | |  3.0
Spellcasting   | |  2.0
Transmutations | |  2.0

Action                   || total
-------------------------++-------
Melee: Unarmed           ||    36
       Kick              ||     3
       Headbutt          ||     1
       Tailslap          ||     4
 Cast: Beastly Appendage ||     7
Armor: Skin              ||    11
Dodge: Dodged            ||    30
